 Dungeon Crawl Stone Soup version 0.17.1-3-g152610e (webtiles) character file.

679 kaze the Shield-Bearer (level 7, -2/44 HPs)
             Began as a Gargoyle Fighter on Mar 28, 2016.
             Slain by an orc (3 damage)
             ... on level 6 of the Dungeon.
             The game lasted 00:06:00 (3913 turns).

kaze the Shield-Bearer (Gargoyle Fighter)           Turns: 3913, Time: 00:06:00

Health: -2/44      AC: 12    Str: 25    XL:     7   Next: 60%
Magic:  7/7        EV:  9    Int:  9    God:
Gold:   152        SH: 10    Dex:  9    Spells: 0 memorised, 6 levels left

rFire  . . .     SeeInvis .     a - +0 flail
rCold  . . .     Clarity  .     b - +0 scale mail
rNeg   + . .     SustAt   .     c - +0 shield
rPois  ∞         Gourm    .     (no helmet)
rElec  +         Spirit   .     (no cloak)
rCorr  .         Warding  .     (no gloves)
rMut   .         Stasis   .     (no boots)
MR     .....                    (no amulet)
Stlth  ..........               (no ring)
                                l - +4 ring of strength

@: not resistant to hostile enchantments, extremely unstealthy
A: negative energy resistance 1, electricity resistance, unbreathing,
petrification resistance, rot immunity, AC +4
a: no special abilities


You were on level 6 of the Dungeon.
You were not hungry.

You visited 1 branch of the dungeon, and saw 6 of its levels.
You also visited: Sewer.

You collected 152 gold pieces.

Inventory:

Hand Weapons
 a - a +0 flail (weapon)
Missiles
 y - 4 tomahawks of returning (quivered)
Armour
 b - a +0 scale mail (worn)
 c - a +0 shield (worn)
Jewellery
 l - a +4 ring of strength (left hand)
 x - an uncursed amulet of regeneration {unknown}
Scrolls
 h - 3 scrolls of teleportation {unknown}
 i - a scroll of immolation {unknown}
 k - 2 scrolls of random uselessness {unknown}
 n - a scroll of amnesia {unknown}
 r - 3 scrolls of enchant weapon {unknown}
 s - 4 scrolls of remove curse {unknown}
 t - 3 scrolls of identify {unknown}
 u - 3 scrolls of enchant armour {unknown}
 A - a scroll of noise {unknown}
 B - a scroll of fog {unknown}
 D - a scroll of blinking {unknown}
 F - a scroll of fear {unknown}
Potions
 d - a potion of might
 g - 3 potions of agility {unknown}
 o - 3 potions of heal wounds {unknown}
 p - 5 potions of curing {unknown}
 v - a potion of resistance {unknown}
 w - a potion of brilliance {unknown}
 z - a potion of beneficial mutation {unknown}
 C - 2 potions of magic {unknown}
 E - a potion of haste {unknown}
Comestibles
 e - 4 bread rations
 f - 2 slices of pizza
 j - 2 beef jerkies
 m - a meat ration
 q - 2 royal jellies


   Skills:
 + Level 4.3 Fighting
 + Level 3.4 Maces & Flails
 + Level 4.4 Armour
 + Level 3.0 Dodging
 + Level 0.2 Stealth
 + Level 6.5 Shields


You had 6 spell levels left.
You didn't know any spells.

Dungeon Overview and Level Annotations

Branches:
Dungeon (6/15)             Temple (0/1) D:4

Altars:
Cheibriados
Dithmenos
Gozag
Sif Muna
Xom
Zin


Innate Abilities, Weirdness & Mutations

You are resistant to torment.
Your stone body is resilient (AC +4).
You are immune to poison.
You resist negative energy.
You are resistant to electric shocks.
You can survive without breathing.
You are immune to petrification.
You are immune to rotting.


Message History

The orc barely misses you. The giant frog hits you. You block the orc's attack.
The orc priest mumbles some strange prayers to Beogh against you.
Something smites you!
* * * LOW HITPOINT WARNING * * *
The worker ant bites you but does no damage.
You are too injured to fight recklessly!
Unknown command.
You are too injured to fight recklessly!
Unknown command.
You hit the orc.
The orc is moderately wounded.
The giant frog hits you but does no damage.
You block the orc's attack. You block the worker ant's attack.
The orc barely misses you.
The giant frog hits you but does no damage.
You closely miss the orc.
The orc is moderately wounded.
You block the orc's attack. The worker ant completely misses you.
You block the giant frog's attack. The orc hits you.
You die...

...... ......
...... ...?..#
....... ......o
......F## .....oo@#
#### .|....ao##
##..# .........###
##.#.#
...........###.####
..####........## .
###.......#
#.....#.#
#......#.##
#......###.#


You could see a giant frog, a worker ant, an orc priest and 3 orcs.

Vanquished Creatures
  An ogre (D:3)
  A big kobold (D:5)
  A centaur zombie (D:5)
  2 orc priests
  3 orc wizards
  3 worker ants (D:4)
  2 iguanas
  7 adders
  A river rat (D:5)
  2 shadow imps (D:5)
  An ooze (D:2)
  An adder zombie (D:3)
  2 worms
  11 giant geckos
  15 orcs
  7 giant cockroaches
  4 goblins
  9 hobgoblins
  12 jackals
  A quokka (D:4)
  2 ball pythons (Sewer)
  10 bats
  12 giant newts
  A jackal zombie (D:5)
  13 kobolds
  9 rats
  4 plants (Sewer)
137 creatures vanquished.

Notes
Turn   | Place    | Note
--------------------------------------------------------------
     0 | D:1      | kaze the Gargoyle Fighter began the quest for the Orb.
     0 | D:1      | Reached XP level 1. HP: 14/14 MP: 1/1
    69 | D:1      | Reached XP level 2. HP: 16/19 MP: 2/2
   634 | D:2      | Reached XP level 3. HP: 23/23 MP: 3/3
   807 | D:2      | Reached skill level 4 in Shields
   934 | D:2      | Reached skill level 1 in Dodging
  1219 | D:3      | Reached XP level 4. HP: 29/29 MP: 4/4
  1230 | D:3      | Found a shimmering altar of Xom.
  1298 | D:3      | Found a snail-covered altar of Cheibriados.
  1319 | D:3      | Found a glowing silver altar of Zin.
  1415 | D:3      | Found a shimmering altar of Xom.
  1415 | D:3      | Found a shimmering altar of Xom.
  1426 | D:3      | Found a shimmering altar of Xom.
  1453 | D:3      | Reached XP level 5. HP: 33/33 MP: 5/5
  1506 | D:3      | Found an opulent altar of Gozag.
  1586 | D:3      | Found a deep blue altar of Sif Muna.
  1641 | D:3      | Noticed an ogre
  1652 | D:3      | Killed an ogre
  1652 | D:3      | Reached skill level 5 in Shields
  1652 | D:3      | Reached XP level 6. HP: 28/38 MP: 6/6
  1853 | D:4      | Found a staircase to the Ecumenical Temple.
  2563 | D:5      | Entered Level 5 of the Dungeon
  2611 | D:5      | Found a shadowy altar of Dithmenos.
  2694 | D:5      | Found a glowing drain.
  2719 | D:5      | Reached XP level 7. HP: 16/43 MP: 7/7
  2961 | Sewer    | Entered a sewer
  3646 | D:5      | Reached skill level 6 in Shields
  3911 | D:6      | HP: 1/44 [orc priest/divine providence (13)]
  3913 | D:6      | Slain by an orc

Action                   |  1- 3 |  4- 6 |  7- 9 || total
-------------------------+-------+-------+-------++-------
Melee: Flail             |   159 |   200 |   273 ||   632
  Eat: Chunk             |       |     6 |       ||     6
       Bread ration      |       |       |     2 ||     2
